[Event "Titled Tuesday Blitz January 10 Early 2023"]
[White "Berezin, Viktor"]
[Black "Kamalidenova, Meruert"]
[WhiteFideId "14107872"]
[BlackFideId "13712802"]
[WhiteElo "2307"]
[BlackElo "2350"]
[Result "1/2-1/2"]
[Round "05"]
[TimeControl "180+2"]
[Date "2023.01.10"]
[WhiteClock "0:00:02"]
[BlackClock "0:00:16"]

1. d4 Nf6 2. c4 e6 3. Nf3 c5 4. d5 exd5 5. cxd5 d6 6. Nc3 g6 7. g3 Bg7 8. Bg2 O-O 9. O-O Re8 10. Bf4 Ne4 11. Nxe4 Rxe4 12. Nd2 Rxf4 13. gxf4 Bxb2 14. Rb1 Bg7 15. Nc4 b6 16. Re1 Ba6 17. Qc2 Qc7 18. e4 Bxc4 19. Qxc4 Nd7 20. e5 Rd8 21. e6 Nf6 22. a4 Re8 23. a5 Bh6 24. Qa6 Bxf4 25. axb6 axb6 26. Rxb6 Re7 27. exf7+ Rxf7 28. Rc6 Qd7 29. Qc8+ Qxc8 30. Rxc8+ Kg7 31. Bh3 Nxd5 32. Be6 Re7 33. Kf1 Nf6 34. h3 Be5 35. Ba2 Ra7 36. Be6 Bd4 37. Rd8 Be5 38. Kg2 Kh6 39. Rf1 Nh5 40. Bg8 Nf4+ 41. Kf3 Kg7 42. Rb1 Nxh3 43. Rh1 Ra3+ 44. Kg2 Nf4+ 45. Kg1 Ra1+ 46. Kh2 Ne6+ 47. Kg2 Rxh1 48. Bxe6 Rh2+ 49. Kf3 Rh4 50. Bg8 Rf4+ 51. Ke2 h5 52. Bd5 h4 53. Rd7+ Kh6 54. Ke3 Kg5 55. Rh7 Bd4+ 56. Kd3 Rxf2 57. Be4 Rf6 58. Kc4 Kg4 59. Kd5 Kg3 60. Rh6 h3 61. Bxg6 h2 62. Ke4 Be5 63. Ke3 Bd4+ 64. Ke4 Kg2 65. Kd5 Kg3 66. Ke4 1/2-1/2


[Site "https://www.chess.com"]

[Event "Titled Tuesday Blitz January 10 Early 2023"]
[White "Tania, Sachdev"]
[Black "Gjestemoen-VonHirsch, Andre"]
[WhiteFideId "5007844"]
[BlackFideId "1539531"]
[WhiteElo "2389"]
[BlackElo "2314"]
[Result "0-1"]
[Round "05"]
[TimeControl "180+2"]
[Date "2023.01.10"]
[WhiteClock "0:00:41"]
[BlackClock "0:00:16"]

1. d4 g6 2. c4 c5 3. d5 b5 4. cxb5 a6 5. e3 Bg7 6. Nc3 d6 7. Nf3 Nf6 8. a4 O-O 9. Be2 axb5 10. Bxb5 Bd7 11. O-O Bxb5 12. Nxb5 Na6 13. Nc3 Qa5 14. Qe2 Rfb8 15. Nd2 Nd7 16. Nc4 Qd8 17. a5 Nb4 18. e4 Ne5 19. Nxe5 Bxe5 20. f4 Bd4+ 21. Kh1 Rxa5 22. Rxa5 Qxa5 23. Be3 Qa6 24. Bc1 Qxe2 25. Nxe2 Bg7 26. e5 dxe5 27. f5 gxf5 28. Ng3 f4 29. Ne4 Nxd5 30. Nxc5 Ne3 31. Re1 Nc4 32. b3 Na5 33. Nd7 Rxb3 34. Nxe5 Bxe5 35. Rxe5 Rb1 36. Kg1 Rxc1+ 37. Kf2 Rc2+ 38. Kf3 Nc6 39. Rb5 Nd4+ 0-1


[Site "https://www.chess.com"]

[Event "Titled Tuesday Blitz January 10 Early 2023"]
[White "Matveeva, Olga"]
[Black "Mayank Chakraborty"]
[WhiteFideId "24107018"]
[BlackFideId "25659766"]
[WhiteElo "2128"]
[BlackElo "2025"]
[Result "0-1"]
[Round "05"]
[TimeControl "180+2"]
[Date "2023.01.10"]
[WhiteClock "0:00:03"]
[BlackClock "0:01:02"]

1. d4 Nf6 2. c4 e6 3. g3 d5 4. Nf3 dxc4 5. Bg2 a6 6. Ne5 Bb4+ 7. Nc3 O-O 8. Nxc4 Nd5 9. Bd2 Nc6 10. e3 b5 11. Ne5 Nxe5 12. dxe5 Bb7 13. O-O Bxc3 14. Bxc3 Nxc3 15. bxc3 Bxg2 16. Kxg2 Qe8 17. Qb3 Qc6+ 18. Kg1 Rfd8 19. Rfd1 h5 20. Qb4 Qf3 21. Rd4 Rxd4 22. cxd4 h4 23. Qe1 a5 24. Qd1 Qe4 25. gxh4 Qxh4 26. Qf3 Rb8 27. Rc1 Qg5+ 28. Kh1 Qe7 29. Qc6 b4 30. Qxc7 Qe8 31. Qxa5 Qe7 32. Qc5 Qh4 33. Qc2 g6 34. Qe2 Ra8 35. Rb1 Qe4+ 36. Kg1 Qxb1+ 37. Kg2 Qxa2 0-1


[Site "https://www.chess.com"]

[Event "Titled Tuesday Blitz January 10 Early 2023"]
[White "Becerra, Juan David"]
[Black "Fathy, Elameir"]
[WhiteFideId "4404998"]
[BlackFideId "10600396"]
[WhiteElo "2382"]
[BlackElo "2300"]
[Result "0-1"]
[Round "05"]
[TimeControl "180+2"]
[Date "2023.01.10"]
[WhiteClock "0:00:05"]
[BlackClock "0:01:02"]

1. e4 c5 2. Nf3 d6 3. d4 cxd4 4. Nxd4 Nf6 5. Nc3 a6 6. a4 e5 7. Nf3 Be7 8. Bc4 O-O 9. Bg5 Be6 10. Bxf6 Bxf6 11. Nd5 Be7 12. O-O Nd7 13. Qd2 Nb6 14. Nxb6 Qxb6 15. Bxe6 fxe6 16. b3 Rad8 17. Ng5 d5 18. a5 Qc6 19. exd5 exd5 20. Qe3 e4 21. Rad1 h6 22. Nh3 Qxc2 0-1


[Site "https://www.chess.com"]

[Event "Titled Tuesday Blitz January 10 Early 2023"]
[White "Lehtosaari, Mauri"]
[Black "Petrova, Irina"]
[WhiteFideId "501999"]
[BlackFideId "14124122"]
[WhiteElo "2176"]
[BlackElo "2108"]
[Result "1/2-1/2"]
[Round "05"]
[TimeControl "180+2"]
[Date "2023.01.10"]
[WhiteClock "0:00:06"]
[BlackClock "0:00:08"]

1. d4 d6 2. Nf3 g6 3. Bg5 Bg7 4. c3 Nd7 5. Nbd2 Ngf6 6. e3 O-O 7. Bc4 c5 8. O-O b6 9. a4 Bb7 10. Ba2 a6 11. Re1 Ne4 12. Nxe4 Bxe4 13. Nd2 Bb7 14. Qg4 Nf6 15. Qh4 Rc8 16. Bh6 Rc7 17. Bxg7 Kxg7 18. f3 Qa8 19. Qf2 e5 20. dxe5 dxe5 21. e4 Re8 22. Nc4 Qa7 23. Red1 Bc6 24. Bb3 Nd7 25. Ne3 Qb7 26. Bd5 Nf6 27. Bxc6 Qxc6 28. Nd5 Nxd5 29. Rxd5 b5 30. axb5 axb5 31. Rad1 Ree7 32. Qg3 Qf6 33. h4 h5 34. Kh2 b4 35. c4 Qa6 36. b3 f6 37. Qf2 Qa7 38. Qe3 Rf7 39. Rd6 Qa3 40. Re6 Qb2 41. Rdd6 Ra7 42. Rd2 Qc1 43. Red6 Ra1 44. Kg3 Rb1 45. R2d3 Qc2 46. R6d5 Rb2 47. Qg1 Rxb3 48. Rxb3 Qxb3 49. Qxc5 Qc3 50. Rd8 Qe1+ 51. Kh3 Qh1+ 52. Kg3 Qe1+ 53. Kh3 Qh1+ 54. Kg3 Qe1+ 1/2-1/2


[Site "https://www.chess.com"]

[Event "Titled Tuesday Blitz January 10 Early 2023"]
[White "Mika, Tomasz"]
[Black "Levitan, Caleb Levi"]
[WhiteFideId "1132970"]
[BlackFideId "14332620"]
[WhiteElo "2169"]
[BlackElo "2129"]
[Result "0-1"]
[Round "05"]
[TimeControl "180+2"]
[Date "2023.01.10"]
[WhiteClock "0:01:10"]
[BlackClock "0:00:17"]

1. Nf3 Nf6 2. c4 e6 3. b3 d5 4. g3 c5 5. Bg2 Nc6 6. O-O Be7 7. Bb2 O-O 8. cxd5 exd5 9. d4 Be6 10. Nc3 Qd7 11. Ne5 Qc7 12. Nxc6 bxc6 13. dxc5 Bxc5 14. Rc1 Bb6 15. Qc2 Rac8 16. Rfd1 Bxf2+ 17. Kxf2 Qb6+ 18. Kf1 Ng4 19. Ke1 Qf2+ 20. Kd2 Bf5 21. Ne4 dxe4 22. Bxe4 Rfd8+ 23. Kc3 Qc5# 0-1


[Site "https://www.chess.com"]

[Event "Titled Tuesday Blitz January 10 Early 2023"]
[White "Reprintsev, Alexander"]
[Black "Bas Mas, Jose Joaquin"]
[WhiteFideId "14100541"]
[BlackFideId "22219064"]
[WhiteElo "2253"]
[BlackElo "2197"]
[Result "0-1"]
[Round "05"]
[TimeControl "180+2"]
[Date "2023.01.10"]
[WhiteClock "0:00:03"]
[BlackClock "0:00:11"]

1. e4 e6 2. d4 d5 3. Nc3 Nf6 4. Bg5 Be7 5. e5 Nfd7 6. h4 h6 7. Bxe7 Qxe7 8. Qg4 f5 9. exf6 Nxf6 10. Qg6+ Qf7 11. Bd3 O-O 12. Nf3 Qxg6 13. Bxg6 a6 14. O-O-O Nc6 15. Rhe1 Bd7 16. a3 Ng4 17. Rd2 Rf6 18. Bh5 Rf4 19. Ne2 Re4 20. Bg6 Nxf2 21. Bxe4 Nxe4 22. Rd3 Rf8 23. Re3 Be8 24. Nd2 Bg6 25. Nxe4 Bxe4 26. Nc3 Bxg2 27. Rxe6 Nxd4 28. Re7 Rf2 29. Ne2 Nf3 30. Rd1 Kf8 31. Re3 Nxh4 32. c4 Nf5 33. Re5 c6 34. cxd5 Bxd5 35. Nc3 Bb3 36. Rd8+ Kf7 37. Rd7+ Kf6 38. Re8 Rc2+ 39. Kb1 h5 40. Ne4+ Kg6 41. Nd2 Bf7 42. Re5 Rxd2 43. Rxd2 Kf6 44. Re1 Bd5 45. Kc2 g5 46. Kd3 g4 47. Ke2 Kg5 48. Kf2 h4 49. Re8 Kf4 50. Rf8 h3 51. Kg1 g3 52. b4 h2+ 53. Rxh2 gxh2+ 54. Kxh2 Ke5 55. Rb8 b5 56. Ra8 Nd6 57. Rxa6 Nc4 58. a4 bxa4 59. Rxa4 Kd4 60. Ra8 Kc3 61. Rb8 Nd6 62. Kg3 Nb5 63. Kf4 Kxb4 64. Ke5 Kc5 65. Rc8 Nd6 66. Ra8 Nc4+ 67. Kf4 Kd4 68. Rc8 c5 69. Kg3 Ne5 70. Kf2 c4 71. Ke2 Nc6 72. Kd2 c3+ 73. Kc1 Kd3 74. Rh8 Nd4 75. Rh3+ Bf3 76. Rh2 Ne2+ 0-1


[Site "https://www.chess.com"]

[Event "Titled Tuesday Blitz January 10 Early 2023"]
[White "Vagman, Roy"]
[Black "Broca Jimenez, Fernando"]
[WhiteFideId "2828995"]
[BlackFideId "5104742"]
[WhiteElo "2273"]
[BlackElo "2075"]
[Result "1-0"]
[Round "05"]
[TimeControl "180+2"]
[Date "2023.01.10"]
[WhiteClock "0:01:42"]
[BlackClock "0:00:03"]

1. c4 Nf6 2. Nc3 g6 3. g3 Bg7 4. Bg2 d6 5. Nf3 O-O 6. O-O Nbd7 7. b4 e5 8. Rb1 Re8 9. d3 h6 10. Nd2 c6 11. Qb3 Nf8 12. Nde4 Rb8 13. a4 Be6 14. Nxf6+ Bxf6 15. Bxh6 Nd7 16. Ne4 Bh8 17. Nxd6 Re7 18. Ne4 Re8 19. a5 Qe7 20. f4 exf4 21. Rxf4 Bf5 22. Rbf1 Ne5 23. Rxf5 gxf5 24. Rxf5 Ng6 25. Bg5 Qe6 26. Bh3 Bd4+ 27. e3 Qd7 28. exd4 Qxd4+ 29. Rf2 Ne5 30. Nf6+ Kh8 31. Qd1 Nxd3 32. Qh5+ Kg7 33. Qh6# 1-0


[Site "https://www.chess.com"]

[Event "Titled Tuesday Blitz January 10 Early 2023"]
[White "Vaglio Munoz, Jaime"]
[Black "Ljukin, Sergei"]
[WhiteFideId "6500145"]
[BlackFideId "14102200"]
[WhiteElo "2174"]
[BlackElo "2362"]
[Result "0-1"]
[Round "05"]
[TimeControl "180+2"]
[Date "2023.01.10"]
[WhiteClock "0:01:09"]
[BlackClock "0:00:17"]

1. d4 d5 2. c4 c6 3. Nc3 Nf6 4. Bg5 dxc4 5. a4 Qa5 6. Bxf6 exf6 7. e3 Bb4 8. Qc2 b5 9. Ne2 O-O 10. g3 Bb7 11. Bg2 a6 12. O-O Qb6 13. Ne4 Nd7 14. g4 h6 15. N4g3 c5 16. d5 Ne5 17. h3 Rad8 18. e4 Rfe8 19. Nf5 Bc8 20. Neg3 Nd3 21. axb5 axb5 22. Nh5 Bxf5 23. gxf5 Qd6 24. b3 Ne5 25. bxc4 Nxc4 26. Ra7 Ne5 27. f4 Nd7 28. Qe2 Kh8 29. Qxb5 c4 30. Qxc4 Qc5+ 31. Qxc5 Bxc5+ 32. Kh2 Bxa7 33. Rf3 Bc5 34. Rg3 Bf8 35. Bf1 Rxe4 36. Rb3 Nc5 37. Rb6 Rd4 38. Bg2 Rd2 39. Kg3 Ra8 40. Rc6 Ra3+ 41. Bf3 Rdd3 42. d6 Rxf3+ 43. Kg2 Ne4 44. Rc2 Nxd6 45. h4 Ne4 46. Kh2 Rh3+ 47. Kg2 Rxh4 48. Nxf6 gxf6 49. Kg1 Rg3+ 50. Kf1 Rh1+ 51. Ke2 Rh2+ 52. Kd1 Rg1# 0-1


[Site "https://www.chess.com"]

[Event "Titled Tuesday Blitz January 10 Early 2023"]
[White "Melaugh, Shane"]
[Black "Martinez, Shawn"]
[WhiteFideId "2509580"]
[BlackFideId "2039770"]
[WhiteElo "2115"]
[BlackElo "1881"]
[Result "1/2-1/2"]
[Round "05"]
[TimeControl "180+2"]
[Date "2023.01.10"]
[WhiteClock "0:00:07"]
[BlackClock "0:01:03"]

1. c4 e5 2. Nc3 Nc6 3. g3 g6 4. Bg2 Bg7 5. e3 Nge7 6. b3 d6 7. Bb2 O-O 8. Nf3 Bf5 9. d4 exd4 10. exd4 Qc8 11. O-O Bh3 12. Qd2 Bxg2 13. Kxg2 Nf5 14. Nd5 Re8 15. Rfe1 Qd7 16. a3 h5 17. h4 Nce7 18. Nxe7+ Rxe7 19. Rxe7 Qxe7 20. Re1 Qd7 21. d5 Re8 22. Bxg7 Nxg7 23. Ng5 Rxe1 24. Qxe1 Nf5 25. Ne4 Qe7 26. f4 Nd4 27. Qe3 Nxb3 28. Nf6+ Qxf6 29. Qxb3 b6 30. Qa4 a5 31. Qc6 Qb2+ 32. Kh3 Qc1 33. Kg2 Qb2+ 34. Kh3 Qxa3 35. Qxc7 Qc5 36. Qd8+ Kg7 37. f5 gxf5 38. Qg5+ Kf8 39. Qd8+ Kg7 40. Qg5+ Kf8 41. Qd8+ Kg7 1/2-1/2


[Site "https://www.chess.com"]

[Event "Titled Tuesday Blitz January 10 Early 2023"]
[White "Real_taiatai"]
[Black "Guliev, Logman"]
[BlackFideId "13400061"]
[WhiteElo "2318"]
[BlackElo "2250"]
[Result "1-0"]
[Round "05"]
[TimeControl "180+2"]
[Date "2023.01.10"]
[WhiteClock "0:00:22"]
[BlackClock "0:00:36"]

1. Nf3 d5 2. c4 e6 3. g3 Nf6 4. Bg2 Be7 5. d4 O-O 6. O-O c5 7. Nc3 h6 8. dxc5 Bxc5 9. cxd5 Nxd5 10. Nxd5 exd5 11. Bf4 Nc6 12. Ne5 Nxe5 13. Bxe5 Be6 14. Rc1 Bb6 15. Qa4 Qg5 16. Bc7 Rac8 17. Bf4 Qf6 18. Qa3 Rxc1 19. Bxc1 Rc8 20. e3 Qf5 21. Bd2 Rc2 22. Bc3 d4 23. exd4 Bc4 24. Qa4 Bb5 25. Bh3 Qh5 26. Qxc2 Qxh3 27. Re1 g6 28. d5 Bd7 29. Qe4 1-0


[Site "https://www.chess.com"]

[Event "Titled Tuesday Blitz January 10 Early 2023"]
[White "Rosenberg, Evan S"]
[Black "Erzhanov, Arman"]
[WhiteFideId "2019299"]
[BlackFideId "4138821"]
[WhiteElo "1956"]
[BlackElo "2228"]
[Result "0-1"]
[Round "05"]
[TimeControl "180+2"]
[Date "2023.01.10"]
[WhiteClock "0:00:14"]
[BlackClock "0:00:14"]

1. d4 d6 2. e4 Nf6 3. Nc3 e5 4. dxe5 dxe5 5. Qxd8+ Kxd8 6. Bc4 Bb4 7. f3 Ke7 8. Ne2 c6 9. Bd2 b5 10. Bb3 Bd6 11. O-O-O Nbd7 12. g4 Nc5 13. Ng3 a5 14. g5 Ne8 15. a4 b4 16. Nb1 g6 17. Be3 Ba6 18. Nd2 Nc7 19. Bc4 N7e6 20. Bxa6 Rxa6 21. Nc4 Bc7 22. b3 Raa8 23. h4 Rad8 24. h5 Rxd1+ 25. Rxd1 Rg8 26. hxg6 hxg6 27. Rh1 Nd4 28. Rh7 Nce6 29. Nd2 Rd8 30. Kb2 Bd6 31. c3 bxc3+ 32. Kxc3 Bb4+ 33. Kb2 Bxd2 34. Bxd2 Nxb3 35. Bc3 Ned4 36. Nf1 Rb8 37. Ka3 Nc1 38. Bxd4 Rb3# 0-1


[Site "https://www.chess.com"]

[Event "Titled Tuesday Blitz January 10 Early 2023"]
[White "Schut, Han"]
[Black "Zeman, Matyas"]
[WhiteFideId "1005561"]
[BlackFideId "364398"]
[WhiteElo "2101"]
[BlackElo "2296"]
[Result "1-0"]
[Round "05"]
[TimeControl "180+2"]
[Date "2023.01.10"]
[WhiteClock "0:00:26"]
[BlackClock "0:00:22"]

1. e4 d5 2. exd5 Nf6 3. Bb5+ Bd7 4. Be2 Nxd5 5. d4 Bf5 6. a3 e6 7. c4 Nb6 8. Nc3 Be7 9. Be3 O-O 10. Nf3 Nc6 11. O-O Bf6 12. Qd2 Bg4 13. Rfd1 Bxf3 14. gxf3 Ne7 15. Bd3 Nf5 16. Bxf5 Nxc4 17. Bxh7+ Kh8 18. Qd3 Nxe3 19. fxe3 g6 20. Bxg6 Rg8 21. Kh1 Rxg6 22. Rg1 Rh6 23. Ne4 Be5 24. f4 Qh4 25. Rg2 Rg8 26. Ng5 Rxg5 27. fxg5 Bxh2 28. gxh6 Bg3+ 29. Kg1 f5 30. Rf1 Kh7 31. e4 f4 32. e5+ Kxh6 33. Qe4 Qg5 34. Rxg3 Qxg3+ 35. Qg2 Qh4 36. Qh2 1-0


[Site "https://www.chess.com"]

[Event "Titled Tuesday Blitz January 10 Early 2023"]
[White "Zanette, Edgard Vinicius"]
[Black "Manukian, Artak"]
[WhiteFideId "2109263"]
[BlackFideId "13301373"]
[WhiteElo "2085"]
[BlackElo "2196"]
[Result "0-1"]
[Round "05"]
[TimeControl "180+2"]
[Date "2023.01.10"]
[WhiteClock "0:00:05"]
[BlackClock "0:00:11"]

1. e4 c5 2. Nc3 a6 3. g3 b5 4. Bg2 Bb7 5. d3 b4 6. Nce2 d5 7. exd5 Bxd5 8. Nf3 Nf6 9. O-O e5 10. c4 Bb7 11. Nxe5 Bxg2 12. Kxg2 Bd6 13. Qa4+ Nbd7 14. Nxd7 Nxd7 15. Qc6 Be7 16. Bf4 O-O 17. Rad1 Bf6 18. d4 Rc8 19. Qd6 cxd4 20. Nxd4 Rxc4 21. Nc6 Qa8 22. Qxd7 Rxc6 23. Kg1 Bxb2 24. Rd5 Rg6 25. Rb1 Bc3 26. Rbd1 h6 27. Be5 Bxe5 28. Rxe5 Qf3 29. Re7 Rf6 30. Rf1 a5 31. Re8 Rxe8 32. Qxe8+ Kh7 33. Qb5 Qf5 34. Qc4 Rd6 35. Qc7 Rf6 36. Qa7 Qb5 37. Rc1 a4 38. Qe3 b3 39. Rb1 bxa2 40. Ra1 Qb1+ 41. Qc1 Qxc1+ 42. Rxc1 Rb6 0-1


[Site "https://www.chess.com"]

[Event "Titled Tuesday Blitz January 10 Early 2023"]
[White "Papayan, Oleg"]
[Black "Campbell, Charles"]
[WhiteFideId "4193911"]
[BlackFideId "8500436"]
[WhiteElo "2253"]
[BlackElo "2179"]
[Result "0-1"]
[Round "05"]
[TimeControl "180+2"]
[Date "2023.01.10"]
[WhiteClock "0:00:03"]
[BlackClock "0:01:11"]

1. d4 Nf6 2. Nf3 e6 3. Bf4 b6 4. h3 Bb7 5. e3 d5 6. Bd3 Bd6 7. O-O O-O 8. Nbd2 Nbd7 9. c3 Ne4 10. Qc2 f5 11. Ne5 Nxe5 12. dxe5 Be7 13. f3 Nxd2 14. Qxd2 c5 15. Rad1 Bg5 16. Bxg5 Qxg5 17. e4 Qxd2 18. Rxd2 fxe4 19. fxe4 dxe4 20. Bc4 Rxf1+ 21. Kxf1 Re8 22. Rd7 Bd5 23. Bb5 Rf8+ 24. Ke2 c4 25. Rxa7 Rf5 26. Rc7 Rxe5 27. Bxc4 Rg5 28. g4 h5 29. gxh5 Rxh5 30. a4 Rxh3 31. b3 Rxc3 32. Kd2 Rg3 33. Rc8+ Kf7 34. Rb8 Bxc4 35. bxc4 Ra3 36. Rxb6 Rxa4 37. c5 Rc4 38. c6 Kf6 39. Ke3 g5 0-1


[Site "https://www.chess.com"]

[Event "Titled Tuesday Blitz January 10 Early 2023"]
[White "Harshal, Shahi"]
[Black "Bon, Michael"]
[WhiteFideId "5048257"]
[BlackFideId "620696"]
[WhiteElo "2146"]
[BlackElo "2394"]
[Result "0-1"]
[Round "05"]
[TimeControl "180+2"]
[Date "2023.01.10"]
[WhiteClock "0:00:02"]
[BlackClock "0:00:14"]

1. e4 c5 2. Nf3 d6 3. d4 cxd4 4. Nxd4 Nf6 5. Nc3 Nc6 6. Bg5 e6 7. f3 a6 8. Qd2 Be7 9. O-O-O Bd7 10. h4 h6 11. Be3 h5 12. Bg5 Qc7 13. Kb1 Ne5 14. f4 Neg4 15. Rh3 b5 16. f5 b4 17. fxe6 fxe6 18. Bxf6 Nxf6 19. Nce2 Nxe4 20. Qe3 d5 21. Nf4 Qd6 22. Bd3 O-O 23. Nxh5 e5 24. Bxe4 Bxh3 25. Qxh3 dxe4 26. Qg4 Qh6 27. Nf5 Rxf5 28. Qxf5 Rf8 29. Qxe5 Bxh4 30. Qd5+ Kh8 31. Rh1 e3 32. g3 e2 33. gxh4 Rf1+ 34. Rxf1 exf1=Q+ 0-1


[Site "https://www.chess.com"]

[Event "Titled Tuesday Blitz January 10 Early 2023"]
[White "Ruiz Aguilar, Pablo Alexander"]
[Black "Kirillov, Dmitry"]
[WhiteFideId "4401352"]
[BlackFideId "34180572"]
[WhiteElo "2161"]
[BlackElo "2179"]
[Result "1/2-1/2"]
[Round "05"]
[TimeControl "180+2"]
[Date "2023.01.10"]
[WhiteClock "0:00:26"]
[BlackClock "0:00:06"]

1. e4 c6 2. d4 d5 3. exd5 cxd5 4. c4 Nf6 5. Nc3 Nc6 6. Bg5 e6 7. c5 Be7 8. Nf3 O-O 9. Bb5 Ne4 10. Bxe7 Qxe7 11. Bxc6 bxc6 12. O-O Qc7 13. Re1 Rb8 14. Nxe4 dxe4 15. Ng5 Rxb2 16. Nxe4 e5 17. Nd6 Qa5 18. Rxe5 Be6 19. Re2 Rfb8 20. Rxb2 Rxb2 21. Rb1 Qxa2 22. Rxb2 Qxb2 23. h3 a5 24. Qf3 Bd5 25. Qf5 Be6 26. Qe4 a4 27. Qxc6 Qc1+ 28. Kh2 Qf4+ 29. Kg1 Qc1+ 30. Kh2 Qf4+ 31. Kg1 Qc1+ 1/2-1/2


[Site "https://www.chess.com"]

[Event "Titled Tuesday Blitz January 10 Early 2023"]
[White "Salman, Pavel"]
[Black "Bobomurodova, Maftuna"]
[WhiteFideId "24153753"]
[BlackFideId "14207400"]
[WhiteElo "2287"]
[BlackElo "1946"]
[Result "1-0"]
[Round "05"]
[TimeControl "180+2"]
[Date "2023.01.10"]
[WhiteClock "0:01:41"]
[BlackClock "0:00:17"]

1. Nf3 d5 2. g3 c5 3. Bg2 Nc6 4. O-O Nf6 5. d3 e5 6. Nbd2 Be7 7. e4 O-O 8. exd5 Nxd5 9. Nc4 f6 10. a4 b6 11. Nfd2 Bb7 12. c3 Re8 13. Qb3 Kh8 14. Ne4 Nc7 15. h4 Qxd3 16. Rd1 Qe2 17. Be3 Rad8 18. Re1 Qg4 19. Nxc5 Bxc5 20. Bxc5 Ba8 21. Nd6 Na5 22. Nf7+ Kg8 23. Nh6+ Kh8 24. Qg8+ 1-0


[Site "https://www.chess.com"]

[Event "Titled Tuesday Blitz January 10 Early 2023"]
[White "De Souza, Cristiano Gomes"]
[Black "Sanchez, Robert"]
[WhiteFideId "2151758"]
[BlackFideId "2034360"]
[WhiteElo "2018"]
[BlackElo "1966"]
[Result "0-1"]
[Round "05"]
[TimeControl "180+2"]
[Date "2023.01.10"]
[WhiteClock "0:01:09"]
[BlackClock "0:01:37"]

1. d4 Nf6 2. c4 e6 3. Nf3 Bb4+ 4. Bd2 a5 5. Nc3 O-O 6. g3 Bxc3 7. Bxc3 Ne4 8. Rc1 Nxc3 9. Rxc3 d6 10. Bg2 Nc6 11. O-O Qe7 12. d5 Nb8 13. a3 e5 14. b4 Na6 15. Qb3 c6 16. dxc6 bxc6 17. Rd1 axb4 18. axb4 Rb8 19. b5 Nc5 20. Qb4 cxb5 21. cxb5 Bb7 22. Ne1 Bxg2 23. Nxg2 f5 24. Ne3 f4 25. Nd5 Qf7 26. Rf3 g5 27. gxf4 gxf4 28. Kh1 Kh8 29. Rg1 Qxd5 0-1


[Site "https://www.chess.com"]

[Event "Titled Tuesday Blitz January 10 Early 2023"]
[White "Melikhov, Evgeny V."]
[Black "Lakshmi C"]
[WhiteFideId "4122046"]
[BlackFideId "25035347"]
[WhiteElo "2269"]
[BlackElo "1928"]
[Result "0-1"]
[Round "05"]
[TimeControl "180+2"]
[Date "2023.01.10"]
[WhiteClock "0:00:03"]
[BlackClock "0:00:10"]

1. d4 Nf6 2. c4 e6 3. Nc3 Bb4 4. Qc2 d5 5. cxd5 exd5 6. Bg5 O-O 7. e3 c6 8. Bd3 h6 9. Bxf6 Qxf6 10. a3 Bd6 11. Nf3 Bg4 12. Nd2 Qe7 13. Bh7+ Kh8 14. Bf5 Qg5 15. Bxg4 Qxg4 16. O-O f5 17. Qd1 Qh4 18. g3 Qf6 19. Ne2 Nd7 20. Nf4 g5 21. Nd3 f4 22. exf4 gxf4 23. Nf3 Rae8 24. Qd2 Re4 25. Rae1 Qf5 26. Rxe4 dxe4 27. Nh4 Qg4 28. Ne1 Rg8 29. Neg2 Kh7 30. Qd1 f3 31. Ne3 Qxh4 32. Nf5 Qh3 33. Ne3 Bf4 34. Qc2 Nf6 35. Re1 h5 36. Qc4 Bxe3 37. Qf7+ Rg7 38. Qxf6 Qg2# 0-1


[Site "https://www.chess.com"]

[Event "Titled Tuesday Blitz January 10 Early 2023"]
[White "Ciuffoletti, Paolo"]
[Black "Flynn, Jacob"]
[WhiteFideId "807630"]
[BlackFideId "2509393"]
[WhiteElo "2106"]
[BlackElo "2102"]
[Result "0-1"]
[Round "05"]
[TimeControl "180+2"]
[Date "2023.01.10"]
[WhiteClock "0:00:12"]
[BlackClock "0:01:13"]

1. e4 c6 2. d4 d5 3. exd5 cxd5 4. c4 Nf6 5. Nf3 Nc6 6. Nc3 Be6 7. c5 g6 8. Bb5 Bg4 9. h3 Bxf3 10. Qxf3 Bg7 11. O-O O-O 12. Bxc6 bxc6 13. Be3 Nd7 14. Qd1 e5 15. Qa4 exd4 16. Bxd4 Bxd4 17. Qxd4 Rb8 18. Rab1 Qf6 19. Qxf6 Nxf6 20. b4 d4 21. Ne2 d3 22. Nf4 Rfd8 23. Rfd1 d2 24. Rb2 Rd4 25. g3 Ne4 26. Ne2 Rdxb4 27. Rxb4 Rxb4 28. f3 Nxc5 29. Rxd2 Rc4 30. Nf4 Kg7 31. Rd6 Na4 32. Rd7 Kf6 33. Rxa7 Nc3 34. Kf2 Rb4 35. Ke3 Rb2 36. a4 Ra2 37. a5 g5 38. Nd3 Ra3 39. Kd2 Nd5 40. Ra6 Rxd3+ 41. Kxd3 Nb4+ 42. Kc4 Nxa6 0-1


[Site "https://www.chess.com"]

[Event "Titled Tuesday Blitz January 10 Early 2023"]
[White "Donskov, Anatoly"]
[Black "Barbashin, Igor"]
[WhiteFideId "24143413"]
[BlackFideId "4155718"]
[WhiteElo "2279"]
[BlackElo "2169"]
[Result "1-0"]
[Round "05"]
[TimeControl "180+2"]
[Date "2023.01.10"]
[WhiteClock "0:00:12"]
[BlackClock "0:00:01"]

1. e4 d5 2. exd5 Nf6 3. Bb5+ Nbd7 4. d4 Nxd5 5. Nf3 g6 6. O-O Bg7 7. Bc4 N7f6 8. h3 O-O 9. Re1 b6 10. Bb3 e6 11. c4 Ne7 12. Nc3 Bb7 13. Bf4 Nf5 14. Be5 Bxf3 15. Qxf3 Nxd4 16. Qb7 c5 17. Rad1 Nd7 18. Bxg7 Kxg7 19. Nb5 Qc8 20. Qxc8 Rfxc8 21. Nxd4 cxd4 22. Rxd4 Nc5 23. Bc2 Rd8 24. Red1 Rxd4 25. Rxd4 Rc8 26. b4 Na6 27. a3 Kf6 28. Bb3 Ke7 29. Kf1 Nc7 30. Ke2 Ne8 31. f4 Nd6 32. g4 h5 33. Kd3 hxg4 34. hxg4 g5 35. fxg5 Rg8 36. c5 bxc5 37. bxc5 Nb5 38. Rb4 a5 39. Rxb5 Rxg5 40. Rb7+ Kf6 41. Kc4 Rxg4+ 42. Kb5 Rg3 43. Bc4 Rxa3 44. c6 Ra1 45. c7 Rb1+ 46. Kc6 1-0


[Site "https://www.chess.com"]

[Event "Titled Tuesday Blitz January 10 Early 2023"]
[White "Kuchava, Ana"]
[Black "Gonzalez, Francisco Silva"]
[WhiteFideId "13605348"]
[BlackFideId "1512285"]
[WhiteElo "2101"]
[BlackElo "2021"]
[Result "0-1"]
[Round "05"]
[TimeControl "180+2"]
[Date "2023.01.10"]
[WhiteClock "0:00:01"]
[BlackClock "0:01:10"]

1. d4 Nf6 2. Nf3 d5 3. c4 e6 4. Nc3 a6 5. Bg5 dxc4 6. a4 Nc6 7. e4 Na5 8. e5 h6 9. Bh4 g5 10. Nxg5 hxg5 11. Bxg5 Be7 12. exf6 Bxf6 13. Be3 b6 14. Qf3 Bb7 15. Qg3 Nb3 16. Rd1 Bd5 17. Be2 Qe7 18. Bf3 O-O-O 19. Qg4 Kb8 20. O-O Rdg8 21. Nxd5 exd5 22. Qf5 Rd8 23. g3 Qe6 24. Qxe6 fxe6 25. Bg4 e5 26. dxe5 Bxe5 27. Be6 Rd6 28. Bxd5 Rhd8 29. Bf3 Bxb2 30. Rxd6 Rxd6 31. Rd1 c3 32. Rxd6 cxd6 33. Bd1 Na1 0-1


[Site "https://www.chess.com"]

[Event "Titled Tuesday Blitz January 10 Early 2023"]
[White "Lauridsen, Jesper Morch"]
[Black "Abdilkhair, Abilmansur"]
[WhiteFideId "1401890"]
[BlackFideId "13716417"]
[WhiteElo "2309"]
[BlackElo "2268"]
[Result "0-1"]
[Round "05"]
[TimeControl "180+2"]
[Date "2023.01.10"]
[WhiteClock "0:01:02"]
[BlackClock "0:00:58"]

1. e4 e5 2. Nf3 Nc6 3. Bb5 a6 4. Ba4 Nf6 5. O-O b5 6. Bb3 Be7 7. c3 d6 8. d4 exd4 9. cxd4 Bg4 10. Be3 O-O 11. h3 Bh5 12. g4 Bg6 13. e5 Nd7 14. Bd5 Nb4 15. Bxa8 Qxa8 16. Na3 Be4 17. Nd2 Bg2 18. Re1 dxe5 19. Kh2 exd4 20. Bf4 Nd5 21. Bg3 Bd6 22. Bxd6 cxd6 23. f3 Ne3 24. Qe2 Ne5 25. Rac1 Bxf3 26. Nxf3 Nxf3+ 27. Kg3 Nxe1 28. Rxe1 f5 29. Nc2 f4+ 30. Kh2 f3 31. Qd3 f2 32. Rxe3 0-1


[Site "https://www.chess.com"]